 Dungeon Crawl Stone Soup version 0.31-a0-1074-g0b22e4e0f1 (webtiles) character file.

Game seed: 8044952754372200450

182 croobank the Ruffian (level 5, -2/52 HPs)
             Began as an Octopode Shapeshifter on Dec 7, 2023.
             Slain by a gnoll
             ... wielding a +0 halberd
              (10 damage)
             ... on level 4 of the Dungeon.
             The game lasted 00:04:20 (2476 turns).

croobank the Ruffian (Octopode Shapeshifter)        Turns: 2476, Time: 00:04:21

Health: -2/52      AC: 26    Str: 13    XL:     5   Next: 62%
Magic:  5/5        EV:  2    Int: 14    God:
Gold:   104        SH:  0    Dex: 18    Spells: 4/4 levels left

rFire   . . .        d - +3 dagger
rCold   . . .        (no shield)
rNeg    . . .        (helmet currently unavailable)
rPois   +            (no amulet)
rElec   .            f - +4 ring of protection
rCorr   .            k - +6 ring of dexterity
SInv    .            (no ring)
Will    .....        (no ring)
Stlth   ++           (no ring)
HPRegen 0.28/turn    (no ring)
MPRegen 0.09/turn    (no ring)
                     (no ring)

%: no passive effects
@: tree-form
A: stationary, stasis, torment immunity, boosted hp, almost no armour,
(amphibious), 8 rings, (camouflage 1), (gelatinous body 1), (nimble swimmer 1),
(tentacles)
a: no special abilities


You were on level 4 of the Dungeon.
You were a tree.
You visited 1 branch of the dungeon, and saw 4 of its levels.

You collected 104 gold pieces.

Inventory:

Hand Weapons
 d - a +3 dagger (weapon)
 p - a +0 trident
Missiles
 q - 5 javelins
 u - 4 poisoned darts
Jewellery
 f - a +4 ring of protection (left branch)
 k - a +6 ring of dexterity (right branch)
Talismans
 b - a beast talisman
 c - a flux talisman
 j - a dragon-blood talisman
 o - a maw talisman
Wands
 e - a wand of flame (21)
Potions
 g - a potion of brilliance {unknown}
 h - 2 potions of curing {unknown}
 i - a potion of mutation {unknown}
 l - a potion of haste {unknown}
 m - a potion of berserk rage {unknown}
 n - a potion of heal wounds {unknown}
 r - a potion of attraction {unknown}


   Skills:
 + Level 2.7 Fighting
 + Level 3.2 Dodging
 + Level 3.9 Unarmed Combat
 + Level 3.8 Shapeshifting


You had 4 spell levels left.
You didn't know any spells.
Your spell library contained the following spells:

 Spells                   Type           Power      Damage    Failure   Level
 Shock                    Conj/Air       0%         1d3       28%         1
 Gell's Gravitas          Tloc           0%         N/A       65%         3
 Ignite Poison            Fire/Tmut/Pois 0%         N/A       65%         3
 Swiftness                Air            0%         N/A       65%         3
 Teleport Other           Tloc           0%         N/A       65%         3
 Airstrike                Air            0%         2d(0-16)  96%         4
 Iskenderun's Mystic Bla  Conj/Tloc      0%         2d3       96%         4
 Olgreb's Toxic Radiance  Pois           0%         N/A       96%         4
 Summon Forest            Summ/Tloc      0%         N/A       100%        5
 Dispersal                Tloc           0%         N/A       100%        6


Dungeon Overview and Level Annotations

Branches:
Dungeon (4/15)
 Temple: D:4-7

Altars:
Sif Muna

Shops:
D:3 *

Annotations:
D:3 3 runed translucent doors, Crazy Yiuf; jlumianski's ghost, amateur GnSh


Innate Abilities, Weirdness & Mutations

You are a tree.
Your roots penetrate the ground, keeping you stationary.
You cannot be teleported.
You are immune to unholy pain and torment.
Your maximum health is greatly increased.
You cannot wear most types of armour.
((You are amphibious.))
You can wear up to eight rings at the same time.
((Your skin changes colour to match your surroundings (Stealth+).))
((Your rubbery body absorbs attacks. (AC +1, EV +1)))
((You are camouflaged when in or above water. (Stealth+)))
((You have tentacles for arms and can constrict up to eight enemies at once.))


Message History

You open the door.
There is an open door here.
You open the door.
There is an open door here.
As you open the door, it creaks loudly!
There is an open door here.
You open the door.
There is an open door here.
As you open the door, it creaks loudly! 3 gnolls come into view.
The gnoll shouts! x2
There is an open door here.
You hit the gnoll. You grab the gnoll.
The gnoll is lightly wounded.
You constrict the gnoll. The gnoll closely misses you. x2
You hit the gnoll but do no damage.
The gnoll is moderately wounded.
You constrict the gnoll. The gnoll misses you.
The gnoll hits you with a +0 halberd! The gnoll hits you with a +0 whip!
You hit the gnoll.
The gnoll is almost dead.
You constrict the gnoll.
You kill the gnoll!
The gnoll closely misses you. The gnoll hits you but does no damage.
The gnoll hits you with a +0 halberd! The gnoll barely misses you.
Things that are here:
a +0 halberd; a gnoll corpse You puncture the gnoll!
You grab the gnoll.
The gnoll is heavily wounded.
You constrict the gnoll. The gnoll hits you with a +0 whip.
The gnoll hits you with a +0 halberd.
* * * LOW HITPOINT WARNING * * *
You aren't carrying any scrolls.
Your transformation has ended.
You turn into a tree.
Your roots penetrate the ground.
You lose your grip on the gnoll.
The gnoll hits you but does no damage. x2
You hit the gnoll but do no damage.
The gnoll is severely wounded.
The gnoll hits you with a +0 halberd!
You die...

#....#
+...##...##
###..#
######....#
#..
#...##....#
#........##
#........#
#...##...#
#...##...#
##'###...#
#.♣g##...+
#..g..#...#
#....##...#
+....# ...#
##...#
#####


You could see 2 gnolls.

Vanquished Creatures
  A hound (D:4)
  4 gnolls
  3 adders
  2 worms
  A dart slug (D:1)
  2 orcs
  10 endoplasms
  8 giant cockroaches
  7 goblins
  4 hobgoblins
  5 jackals
  A quokka (D:2)
  3 ball pythons
  5 bats
  6 frilled lizards
  9 kobolds
  5 rats
76 creatures vanquished.

Notes
Turn   | Place    | Note
-------+----------+-------------------------------------------
     0 | D:1      | croobank the Octopode Shapeshifter began the quest for the
                  | Orb.
     0 | D:1      | Reached XP level 1. HP: 13/13 MP: 1/1
   167 | D:1      | Reached XP level 2. HP: 18/18 MP: 2/2
   415 | D:1      | Reached XP level 3. HP: 23/24 MP: 3/3
   730 | D:2      | Got the Octavo of the Topological Panacea
   929 | D:2      | Reached XP level 4. HP: 28/29 MP: 4/4
  1252 | D:3      | Found a runed translucent door.
  1253 | D:3      | Noticed Crazy Yiuf
  1268 | D:3      | Found a runed translucent door.
  1268 | D:3      | Noticed a bullfrog
  1269 | D:3      | Noticed jlumianski's ghost (amateur GnSh)
  1689 | D:3      | Found Caahu's General Store.
  1706 | D:3      | Reached XP level 5. HP: 30/35 MP: 5/5
  1955 | D:3      | Found a shimmering blue altar of Sif Muna.
  1957 | D:3      | Found a runed translucent door.
  2476 | D:4      | Slain by a gnoll

Illustrated notes

Levels and vault maps discovered:
D:1:      ncdulo_halloftheorcs, layout_basic
D:2:      layout_basic
D:3:      layout_rooms, nicolae_overflow_hidden_temple, serial_shops, shop,
          ebering_ghost_sewer_f, minmay_quadrilaterals, uniq_crazy_yiuf_cottage
D:4:      layout_gridville, nicolae_uskayaw_en_pointe, uniq_natasha,
          uniq_eustachio

Skill      XL: |  1  2  3  4  5 |
---------------+----------------+-----
Fighting       | 2 |  2.7
Dodging        | 3 |  3.2
Unarmed Combat | |  3.9
Shapeshifting  | |  3.8

Action                     |  1- 3 |  4- 6 || total
---------------------------+-------+-------++-------
  Melee: Unarmed           |     6 |       ||     6
         Dagger            |    56 |    78 ||   134
         Tentacles         |     9 |    14 ||    23
         Constrict         |    15 |    18 ||    33
         Punch             |     1 |     1 ||     2
  Throw: Throwing net      |       |     1 ||     1
    Use: Scroll            |       |     4 ||     4
         Potion            |       |     1 ||     1
   Stab: Sleeping          |     6 |     1 ||     7
 Armour: Skin              |    21 |    42 ||    63
  Dodge: Dodged            |    29 |    39 ||    68

Table legend: (Time is in decaauts)
 A = Elapsed time spent in this place.
 B = Non-inter-level travel time spent in this place.
 C = Inter-level travel time spent in this place.
 D = Time resting spent in this place.
 E = Time spent auto-exploring this place.
 F = Levels seen in this place.
 G = Mean time per level.
                   A        B        C        D        E       F      G
               +--------+--------+--------+--------+--------+-----+--------+
         Total |   2473 |   2327 |    146 |    299 |   1564 |   4 |  618.2 |
       Dungeon |   2473 |   2327 |    146 |    299 |   1564 |   4 |  618.2 |
               +--------+--------+--------+--------+--------+-----+--------+

Top non-repeatable levels by time:
     D:3: 1051 daAuts
     D:1: 609 daAuts
     D:2: 596 daAuts
     D:4: 215 daAuts
